 Dungeon Crawl Stone Soup version 0.31.0-32-g396128a36d (webtiles) character file.

Game seed: 6046910603284876806

2479 monsoonserge the Covert (level 9, 0/59 HPs)
             Began as an Octopode Fighter on Mar 13, 2024.
             Slain by a freezing wraith (2 damage)
             ... led by a death knight
             ... on level 10 of the Dungeon.
             The game lasted 00:20:43 (4841 turns).

monsoonserge the Covert (Octopode Fighter)          Turns: 4841, Time: 00:20:43

Health: 0/59       AC:  1    Str: 17    XL:     9   Next: 51%
Magic:  9/9        EV: 19    Int: 14    God:
Gold:   234        SH:  0    Dex: 14    Spells: 8/8 levels left

rFire   . . .        f - +8 pair of quick blades "Gyre" and "Gimble" {protect}
rCold   . . .        (shield currently unavailable)
rNeg    . . .        (helmet restricted)
rPois   +            d - amulet of magic regeneration
rElec   .            l - +5 ring of evasion
rCorr   .            u - ring of the Equinox {Wiz rPois Int+4}
SInv    .            (no ring)
Will    .....        (no ring)
Stlth   ++++++       (no ring)
HPRegen 0.29/turn    (no ring)
MPRegen 0.51/turn    (no ring)
                     (no ring)

%: wizardry (x1)
@: marked, slowed, studying Stealth, very slow
A: almost no armour, amphibious, 8 rings, camouflage 1, gelatinous body 1,
(nimble swimmer 1), tentacles
a: no special abilities


You were on level 10 of the Dungeon.
You visited 2 branches of the dungeon, and saw 9 of its levels.
You also visited: Sewer.

You collected 234 gold pieces.

Inventory:

Hand Weapons
 f - the +8 pair of quick blades "Gyre" and "Gimble" (weapon) {protect}
   (You acquired it on level 4 of the Dungeon)
Missiles
 a - 56 poisoned darts (quivered)
 p - 3 boomerangs
Armour
 v - the -1 hat of Cenwoorch {rN+ Int+6 SInv}
   (You acquired it on level 4 of the Dungeon)

   Int+6:     It affects your intelligence (+6).
   rN+:       It protects you from negative energy.
   SInv:      It lets you see invisible.
Jewellery
 d - an amulet of magic regeneration (around mantle)
 k - an amulet of faith
 l - a +5 ring of evasion (left tentacle)
 u - the ring of the Equinox (right tentacle) {Wiz rPois Int+4}
   (You acquired it on level 4 of the Dungeon)

   [ring of wizardry]

   Wiz:       It improves your spell success rate.
   Int+4:     It affects your intelligence (+4).
   rPois:     It protects you from poison
 w - a ring of ice
Scrolls
 c - a scroll of amnesia
 j - a scroll of revelation {unknown}
 m - a scroll of poison {unknown}
 n - 2 scrolls of teleportation {unknown}
 s - 3 scrolls of fear
 t - 2 scrolls of enchant armour {unknown}
 x - a scroll of immolation {unknown}
Potions
 b - a potion of might
 e - 3 potions of lignification {unknown}
 g - 3 potions of brilliance {unknown}
 h - 2 potions of degeneration {unknown}
 i - 5 potions of invisibility
 o - a potion of magic {unknown}
 q - a potion of heal wounds {unknown}
 r - 3 potions of mutation
 z - a potion of cancellation {unknown}


   Skills:
 + Level 4.4 Fighting
 * Level 8.3 Short Blades
 + Level 4.2 Dodging
 * Level 12.8 Stealth
 - Level 3.0 Shields
 - Level 4.3 Unarmed Combat
 - Level 0.4 Summonings


You had 8 spell levels left.
You didn't know any spells.
Your spell library contained the following spells:

 Spells                   Type           Power      Damage    Failure   Level
 Summon Small Mammal      Summ           4%         N/A       11%         1
 Apportation              Tloc           0%         N/A       12%         1
 Necrotise                Necr           0%         1d4       12%         1
 Sting                    Conj/Alch      0%         1d3       12%         1
 Lesser Beckoning         Tloc           0%         N/A       17%         2
 Gell's Gravitas          Tloc           0%         N/A       32%         3
 Inner Flame              Hex/Fire       0%         N/A       32%         3
 Teleport Other           Tloc           0%         N/A       32%         3
 Irradiate                Conj/Alch      0%         3d11      95%         5
 Ignition                 Fire           0%         3d3       100%        8


Dungeon Overview and Level Annotations

Branches:
Dungeon (7/15)             Temple (1/1) D:6           Sewer (visited)

Altars:
Ashenzari
Cheibriados
Dithmenos
Elyvilon
Fedhas
Hepliaklqana
Kikubaaqudgha
Makhleb
Nemelex Xobeh
Okawaru
Qazlal
Ru
Sif Muna
Uskayaw
Vehumet
Wu Jian
Xom
Yredelemnul
Zin


Innate Abilities, Weirdness & Mutations

You cannot wear most types of armour.
You are amphibious.
You can wear up to eight rings at the same time.
Your skin changes colour to match your surroundings (Stealth+).
Your rubbery body absorbs attacks. (AC +1, EV +1)
((You are camouflaged when in or above water. (Stealth+)))
You have tentacles for arms and can constrict up to eight enemies at once.


Message History

A killer bee comes into view.
A killer bee comes into view.
The centaur shoots an arrow.
The arrow closely misses you.
A killer bee comes into view.
You aren't carrying any items that you can evoke.
Okay, then.
As you read the scroll labelled EJURPH NIKHLAWK, it crumbles to dust.
You assume a fearsome visage.
The centaur looks frightened!
The killer bee looks frightened! x3; It was a scroll of fear.
A freezing wraith comes into view.
A death knight comes into view. It is wielding a +0 broad axe.
A freezing wraith comes into view.
A freezing wraith comes into view.
You enter a teleport trap!
The teleport trap disappears.
Your surroundings seem slightly different.
A skeletal warrior comes into view. It is wielding a +0 battleaxe.
The freezing wraith closely misses you. x3; The freezing wraith hits you!
The freezing wraith drains your vigour!
You feel yourself slow down.
Unknown command.
Okay, then.
Okay, then.
Press: ? - help, v - describe, . - travel
Here: a freezing wraith The floor.
Unknown command.
Unknown command.
Unknown command.
Okay, then.
As you read the scroll labelled UZOITZE CUSE, it crumbles to dust.
It is a scroll of amnesia.
You feel forgetful for a moment. The freezing wraith hits you.
The freezing wraith freezes you! The freezing wraith hits you.
The freezing wraith drains your vigour!
You feel as though you will be slow longer.
The freezing wraith hits you!
* * * LOW HITPOINT WARNING * * *
The freezing wraith freezes you!
* * * LOW HITPOINT WARNING * * *
The freezing wraith hits you.
You die...

S..............#
...............##
..........z.....#
..............####
...............#.#
..........p.....##
................#
.........WW...###
.........@.....#
.........W..##.#
≈..........#..##
...#.......#.# ..
##....#..## .
#......###
........###
........#
.#......#


You could see a death knight, a skeletal warrior and 3 freezing wraiths.

Vanquished Creatures
  Maggie (D:6)
  2 ice beasts (D:6)
  2 black bears (D:6)
  A centaur (D:5)
  6 kobold brigands
  4 scorpions (D:5)
  5 wights (D:6)
  A howler monkey (D:4)
  A bombardier beetle (D:4)
  2 hounds (D:6)
  2 gnoll boudas
  2 orc priests (D:6)
  A jelly (D:6)
  A sleepcap (D:6)
  3 iguanas
  4 orc wizards
  Robin (D:3)
  12 gnolls
  8 adders
  3 river rats
  A shadow imp (D:6)
  A white imp (D:6)
  6 ribbon worms
  25 orcs
  8 endoplasms
  5 giant cockroaches
  5 hobgoblins
  2 jackals (D:1)
  5 quokkas
  12 ball pythons
  A bat (D:3)
  4 frilled lizards
  10 goblins
  15 kobolds
  6 rats
168 creatures vanquished.

Notes
Turn   | Place    | Note
-------+----------+-------------------------------------------
     0 | D:1      | monsoonserge the Octopode Fighter began the quest for the
                  | Orb.
     0 | D:1      | Reached XP level 1. HP: 16/16 MP: 1/1
   144 | D:1      | Found a faded altar of an unknown god.
   239 | D:1      | Reached XP level 2. HP: 21/21 MP: 2/2
   723 | D:1      | Reached XP level 3. HP: 26/26 MP: 3/3
  1393 | D:2      | Reached skill level 1 in Stealth
  1559 | D:3      | Reached XP level 4. HP: 11/31 MP: 4/4
  1969 | D:3      | Noticed Robin
  1985 | D:3      | Killed Robin
  2152 | D:4      | Identified a scroll of acquirement
  2153 | D:4      | Acquired the +8 pair of quick blades "Gyre" and "Gimble"
                  | {protect}
  2153 | D:4      | Found the +8 pair of quick blades "Gyre" and "Gimble"
                  | {protect}
  2173 | D:3      | Reached skill level 2 in Stealth
  2183 | D:3      | HP: 1/31 [gnoll bouda/+0 whip (13)]
  2188 | D:3      | Reached skill level 1 in Short Blades
  2188 | D:3      | Reached XP level 5. HP: 14/36 MP: 5/5
  2380 | D:4      | Found a hazy altar of Hepliaklqana.
  2381 | D:4      | Found a burning altar of Makhleb.
  2415 | D:4      | Found a glowing drain.
  2436 | D:4      | Reached skill level 3 in Stealth
  2436 | D:4      | Reached XP level 6. HP: 42/42 MP: 6/6
  2450 | Sewer    | Entered a sewer
  2575 | Sewer    | Reached skill level 4 in Stealth
  2708 | Sewer    | Reached XP level 7. HP: 46/46 MP: 7/7
  2933 | Sewer    | Reached skill level 5 in Stealth
  3059 | D:4      | Acquired the -1 hat of Cenwoorch {rN+ Int+6 SInv}
  3061 | D:4      | Acquired a manual of Stealth
  3063 | D:4      | Acquired the ring of the Equinox {Wiz rPois Int+4}
  3206 | D:4      | Reached skill level 5 in Short Blades
  3402 | D:5      | Entered Level 5 of the Dungeon
  3453 | D:5      | Reached skill level 6 in Stealth
  3466 | D:5      | Reached XP level 8. HP: 54/54 MP: 8/8
  3572 | D:5      | Reached skill level 7 in Stealth
  3700 | D:5      | Reached skill level 8 in Stealth
  3875 | D:5      | Found a shimmering blue altar of Sif Muna.
  3942 | D:6      | Reached skill level 9 in Stealth
  3946 | D:6      | Reached skill level 10 in Stealth
  4148 | D:6      | Reached skill level 11 in Stealth
  4148 | D:6      | Reached XP level 9. HP: 45/58 MP: 9/9
  4442 | D:6      | Found a staircase to the Ecumenical Temple.
  4488 | D:6      | Reached skill level 12 in Stealth
  4502 | Temple   | Entered the Ecumenical Temple
  4694 | D:6      | Noticed Maggie
  4704 | D:6      | Killed Maggie
  4811 | D:7      | You fall into a shaft and drop 3 floors!
  4811 | D:10     | Entered Level 10 of the Dungeon
  4833 | D:10     | Noticed a freezing wraith
  4833 | D:10     | Noticed a death knight
  4833 | D:10     | Noticed a freezing wraith
  4834 | D:10     | Noticed a freezing wraith
  4840 | D:10     | Found a runed translucent door.
  4840 | D:10     | Noticed a skeletal warrior
  4841 | D:10     | HP: 2/59 [freezing wraith[a death knight] (15)]
  4841 | D:10     | Slain by a freezing wraith

Illustrated notes

Levels and vault maps discovered:
D:1:      minmay_arrival_nine_rooms, layout_basic,
          shapermc_ecumenical_altar_mp_ritualfount
D:2:      layout_basic
D:3:      layout_basic, uniq_robin
D:4:      layout_gridville, nicolae_overflow_squiral, portal_sewer_entry_a
D:5:      layout_basic, kennysheep_mini_moat
D:6:      layout_gridville, minmay_temple_entry_arrows, uniq_maggie
D:7:      layout_loops_ring, lemuel_doored_altar
D:10:     layout_big_octagon, nicolae_overflow_crystal_walls, orc_0_dummy,
          ebering_ghost_reflecting_pool, uniq_erica, uniq_joseph
Temple:   regret_index_temple_sphere_string

Skill      XL: |  1  2  3  4  5  6  7  8  9 |
---------------+----------------------------+-----
Unarmed Combat | 3 4 |  4.3
Stealth        | 1 2 3 4 6 11 12 | 12.8
Short Blades   | 1 2 3 5 7 8 |  8.3
Fighting       | 4 |  4.4
Dodging        | 4 |  4.2
Shields        | |  3.0
Summonings     | |  0.4

Action                     |  1- 3 |  4- 6 |  7- 9 || total
---------------------------+-------+-------+-------++-------
  Melee: Unarmed           |    66 |    34 |       ||   100
         Constrict         |    18 |    23 |    47 ||    88
         Tentacles         |    19 |    14 |    75 ||   108
         Punch             |     2 |     3 |    16 ||    21
         Pair of quick bla |       |    55 |   254 ||   309
  Throw: Dart              |       |       |     6 ||     6
         Boomerang         |       |       |     1 ||     1
    Use: Scroll            |       |     4 |     5 ||     9
         Potion            |       |     2 |       ||     2
   Stab: Sleeping          |     6 |     9 |    10 ||    25
         Distracted        |       |     1 |       ||     1
 Armour: Skin              |    12 |    18 |    26 ||    56
  Dodge: Dodged            |    21 |    49 |    51 ||   121
  Block: Buckler           |    13 |     4 |       ||    17
